 Seeded DCSS version 0.28-a0-1555-g9ae15a6949 (webtiles) character file.

Game seed: 20 (custom seed)

3021 knot the Cleaver (level 9, -7/63 HPs)
             Began as a Demonspawn Berserker on Jan 19, 2022.
             Was an Elder of Trog.
             Mangled by a two-headed ogre (22 damage)
             ... on level 6 of the Dungeon.
             The game lasted 00:11:42 (6118 turns).

knot the Cleaver (Demonspawn Berserker)             Turns: 6118, Time: 00:11:42

Health: -7/63      AC: 11    Str: 17      XL:     9   Next: 55%
Magic:  0/9        EV: 11    Int: 12 (14) God:    Trog [****..]
Gold:   350        SH:  0    Dex: 18      Spells: 8/8 levels left

rFire   . . .      SeeInvis .   b - +8 glaive of the Guard {elec, spectral, AC+5}
rCold   . . .      Faith    .   (shield currently unavailable)
rNeg    . . .      Spirit   +   h - +0 ring mail
rPois   .          Reflect  .   (helmet restricted)
rElec   .          Harm     .   (no cloak)
rCorr   .          Rampage  .   x - +0 pair of gloves
Will    .....                   j - +1 pair of boots
Stlth   +.........              (no amulet)
HPRegen 0.20/turn               y - +6 ring of dexterity
MPRegen 0.22/turn               (no ring)

@: marked
A: antennae 2, magic shield, magic regeneration, magic link, deformed body,
MP-powered wands
a: Renounce Religion, Berserk, Trog's Hand, Brothers in Arms


You were on level 6 of the Dungeon.
You worshipped Trog.
Trog was greatly pleased with you.
You visited 1 branch of the dungeon, and saw 6 of its levels.
You also visited: Sewer.

You collected 350 gold pieces.

Inventory:

Hand Weapons
 a - a +0 hand axe of venom
 b - the +8 glaive of the Guard (weapon) {elec, spectral, AC+5}
   (You found it on level 2 of the Dungeon)

   It occasionally discharges a powerful burst of electricity upon striking a
   foe.
   When it strikes, its spirit leaps out and fights alongside the wielder.
   AC:        It affects your AC (+5).
Missiles
 c - 50 sling bullets
 e - 151 stones (quivered)
 k - 44 poisoned darts
Armour
 h - a +0 ring mail (worn)
 j - a +1 pair of boots (worn)
 x - a +0 pair of gloves (worn)
Jewellery
 y - a +6 ring of dexterity (left hand)
Wands
 d - a wand of iceblast (10)
 i - a wand of acid (9)
 r - a wand of paralysis (3)
 t - a wand of flame (24)
Scrolls
 l - 4 scrolls of identify
 q - 2 scrolls of fear
 s - 2 scrolls of torment
 v - 3 scrolls of teleportation
Potions
 f - a potion of degeneration
 g - 3 potions of brilliance
 m - 3 potions of heal wounds
 n - 2 potions of resistance {unknown}
 o - a potion of haste {unknown}
 u - a potion of flight {unknown}
 w - 2 potions of curing


   Skills:
 - Level 3.0 Fighting
 * Level 11.6 Axes
 * Level 9.0 Throwing
 - Level 1.7 Armour
 - Level 1.7 Dodging


You had 8 spell levels left.
You didn't know any spells.
Your spell library contained the following spells:

 Spells                   Type           Power      Damage    Failure   Level
 Blink                    Tloc           0%         N/A       65%         2
 Sublimation of Blood     Necr           0%         N/A       65%         2
 Wereblood                Tmut           0%         N/A       65%         2
 Lesser Beckoning         Tloc           0%         N/A       87%         3
 Animate Armour           Summ/Erth      0%         N/A       99%         4
 Blade Hands              Tmut           0%         N/A       100%        5
 Manifold Assault         Tloc           0%         N/A       100%        5
 Conjure Ball Lightning   Conj/Air       0%         3x3d6     100%        6
 Iron Shot                Conj/Erth      0%         9d1       100%        6
 Summon Hydra             Summ           0%         N/A       100%        7
 Discord                  Hex            0%         N/A       100%        8
 Disjunction              Tloc           0%         N/A       100%        8


Dungeon Overview and Level Annotations

Branches:
Dungeon (6/15)             Temple (0/1) D:5           Sewer (visited)

Altars:
Cheibriados
Nemelex Xobeh
Qazlal
Trog

Annotations:
D:4 1 transporter


Innate Abilities, Weirdness & Mutations

You have a pair of antennae on your head.
When hurt, damage is shared between your health and your magic reserves.
You regenerate magic rapidly.
When low on magic, you restore magic in place of health.
Armour fits poorly on your strangely shaped body.
You expend magic power (3 MP) to strengthen your wands.


Message History

As you read the scroll labelled UFEKADIEGO, it crumbles to dust.
You feel strangely unstable.
It was a scroll of teleportation.
As you read the scroll labelled SANUC GISAEGG, it crumbles to dust.
Your body is wracked with pain!
It was a scroll of torment.
As you read the scroll labelled ATIEQE HEHARGH, it crumbles to dust.
It is a scroll of brand weapon.
Your +0 hand axe drips with poison.
a - a +0 hand axe of venom Blink to where?
Press: ? - help, Dir - move target
As you read the scroll labelled UCACVO LESKYS, it crumbles to dust.
It was a scroll of blinking.
Okay, then.
Your surroundings suddenly seem different.
A scorpion comes into view.
Found 20 gold pieces.
Found a stone staircase leading down.
Found a stone staircase leading down.
A sourceless malevolence fills the Dungeon...
With a horrendous wail, an alarm goes off!
A sentinel's mark forms upon you.
Something shouts, "Flee, thou artless nut-hook dingleberry!"
You hear two shouts!
You hear an angry hiss.
You reach to attack!
You hit the scorpion but do no damage.
Your +8 glaive of the Guard {elec, spectral, AC+5} hits the scorpion from afar!
The scorpion barely misses you.
You barely miss the scorpion.
The scorpion is almost dead.
Your +8 glaive of the Guard {elec, spectral, AC+5} hits the scorpion!
You kill the scorpion!
Trog accepts your kill.
A two-headed ogre comes into view.
It is wielding a +0 giant club and a +0 giant spiked club.
You hit the two-headed ogre.
The two-headed ogre is lightly wounded.
Your +8 glaive of the Guard {elec, spectral, AC+5} hits the two-headed ogre!!
Lightning courses through the two-headed ogre!
A white imp comes into view.
The two-headed ogre hits you with a +0 giant club!!
* * * LOW HITPOINT WARNING * * *
The two-headed ogre hits you with a +0 giant spiked club!!
You die...

#...........≈ #......
.##..#.......≈≈≈
#........#..##.###.#≈≈≈#
...........#........≈≈≈≈
.............####..≈≈≈≈#
.........##.# #.≈≈≈≈≈#
.........##. #.≈#≈≈≈≈
......(#.# ...≈≈≈≈≈
#O@.## ##≈#≈≈#≈
...##...### ≈≈≈≈≈≈
...........### .≈≈≈≈≈
.............# ..≈≈≈≈
##........†........≈≈≈≈
....................≈≈≈
...>...........#......≈
.......5.......# .#....
...............# .....


You could see a two-headed ogre, a white imp and a friendly +8 glaive of the
Guard {elec, spectral, AC+5} (summoned).

Vanquished Creatures
  Grinder (D:4)
  Prince Ribbit (D:6)
  2 water moccasins
  An orc warrior (D:6)
  A black bear (D:5)
  2 centaurs
  2 phantoms
  4 kobold brigands (Sewer)
  Blork the orc (D:6)
  A scorpion (D:6)
  A bullfrog (D:6)
  A water moccasin skeleton (D:6)
  2 electric eels (D:6)
  2 jellies (D:4)
  An orc priest (D:6)
  A bullfrog zombie (D:6)
  A bullfrog skeleton (D:4)
  A centaur skeleton (D:4)
  A gnoll shaman (D:5)
  A hound (D:4)
  Jessica (D:3)
  Ijyb (D:3)
  Natasha (thrice) (D:3)
  4 iguanas
  A hound skeleton (D:4)
  9 gnolls
  8 adders
  A white imp (D:5)
  An ufetubus (D:4)
  2 worms
  7 dart slugs
  4 orcs
  13 endoplasms
  6 giant cockroaches
  9 goblins
  9 hobgoblins
  18 kobolds
  6 quokkas
  13 ball pythons
  9 bats
  4 frilled lizards
  13 rats
170 creatures vanquished.

Vanquished Creatures (collateral kills)
  A centaur (D:6)
  A dart slug (D:6)
2 creatures vanquished.

Vanquished Creatures (others)
  A fungus (Sewer)
  A plant (D:5)
2 creatures vanquished.

Grand Total: 174 creatures vanquished

Notes
Turn   | Place    | Note
-------+----------+-------------------------------------------
     0 | D:1      | knot the Demonspawn Berserker began the quest for the Orb.
     0 | D:1      | Reached XP level 1. HP: 18/18 MP: 1/1
    49 | D:1      | Reached skill level 3 in Axes
   371 | D:1      | Gained mutation: You regenerate magic rapidly. [demonic
                  | ancestry]
   371 | D:1      | Reached XP level 2. HP: 17/24 MP: 2/2
  1520 | D:1      | Gained mutation: When hurt, damage is shared between your
                  | health and your magic reserves. [demonic ancestry]
  1520 | D:1      | Reached XP level 3. HP: 29/29 MP: 3/3
  1689 | D:2      | Found the +8 glaive of the Guard {elec, spectral, AC+5}
  1751 | D:2      | Found a snail-covered altar of Cheibriados.
  1761 | D:2      | Reached skill level 4 in Axes
  1862 | D:2      | Reached ** piety under Trog
  2142 | D:2      | Gained mutation: You have a pair of small antennae on your
                  | head. [demonic ancestry]
  2142 | D:2      | Reached XP level 4. HP: 33/35 MP: 4/4
  2299 | D:3      | Noticed Ijyb
  2302 | D:3      | Gained mutation: Armour fits poorly on your strangely
                  | shaped body. [potion of mutation]
  2302 | D:3      | Gained mutation: You expend magic power (3 MP) to
                  | strengthen your wands. [potion of mutation]
  2304 | D:3      | Killed Ijyb
  2306 | D:3      | Noticed Jessica
  2308 | D:3      | Killed Jessica
  2309 | D:3      | Reached skill level 5 in Axes
  2324 | D:3      | Noticed Natasha
  2352 | D:3      | Killed Natasha
  2353 | D:3      | Reached XP level 5. HP: 41/41 MP: 5/5
  2654 | D:3      | Noticed Natasha
  2657 | D:3      | Killed Natasha
  2708 | D:3      | Found a glowing drain.
  2722 | Sewer    | Entered a sewer
  2755 | Sewer    | Reached skill level 6 in Axes
  2755 | Sewer    | Gained mutation: When low on magic, you restore magic in
                  | place of health. [demonic ancestry]
  2755 | Sewer    | Reached XP level 6. HP: 21/47 MP: 4/6
  3170 | Sewer    | Reached *** piety under Trog
  3178 | Sewer    | Reached skill level 7 in Axes
  3424 | D:3      | Reached skill level 10 in Axes
  3424 | D:3      | Gained mutation: You have a pair of antennae on your head.
                  | [demonic ancestry]
  3424 | D:3      | Reached XP level 7. HP: 52/52 MP: 7/7
  3488 | D:3      | Found a bloodstained altar of Trog.
  3693 | D:3      | Noticed Natasha
  3697 | D:3      | Killed Natasha
  3698 | D:3      | Reached XP level 8. HP: 58/58 MP: 8/8
  4070 | D:4      | Noticed Grinder
  4074 | D:4      | Killed Grinder
  4506 | D:4      | Found a sparkling altar of Nemelex Xobeh.
  4506 | D:4      | Found a transporter.
  4506 | D:4      | Noticed a two-headed ogre
  4562 | D:4      | Reached **** piety under Trog
  4572 | D:4      | Reached skill level 11 in Axes
  4765 | D:5      | Entered Level 5 of the Dungeon
  4894 | D:5      | Found a staircase to the Ecumenical Temple.
  4978 | D:5      | Found a stormy altar of Qazlal.
  5016 | D:5      | Reached XP level 9. HP: 55/63 MP: 9/9
  5327 | D:6      | Noticed Prince Ribbit
  5336 | D:6      | Killed Prince Ribbit
  5919 | D:6      | Noticed Blork the orc
  5931 | D:6      | Killed Blork the orc
  6114 | D:6      | Noticed a two-headed ogre
  6118 | D:6      | Mangled by a two-headed ogre

Illustrated notes

Levels and vault maps discovered:
D:1:      psy_arrival_fountain, layout_loops_ring
D:2:      layout_basic, basic_altar, kennysheep_generic_room_10
D:3:      layout_basic, lightli_temple_of_fire, portal_sewer_entry_b,
          uniq_jessica, uniq_ijyb, uniq_natasha
D:4:      minmay_bubble_buster, layout_basic, grunt_nemelex_the_gamble,
          uniq_grinder
D:5:      layout_rooms, nicolae_qazlal_general_emergency,
          minmay_temple_entry_trees, serial_bayou_crossing
D:6:      kennysheep_slugbush, layout_rooms, nicolae_shop_gadgets,
          uniq_prince_ribbit1, uniq_blork_the_orc

Skill      XL: |  1  2  3  4  5  6  7  8  9 |
---------------+----------------------------+-----
Axes           | 3 4 5 6 10 11 | 11.6
Throwing       | 7 8 9 |  9.0
Fighting       | |  3.0
Armour         | |  1.7
Dodging        | |  1.7

Action                   |  1- 3 |  4- 6 |  7- 9 || total
-------------------------+-------+-------+-------++-------
Melee: Hand axe          |    62 |       |       ||    62
       Punch             |     2 |       |       ||     2
       Glaive            |    17 |    70 |    96 ||   183
Throw: Stone             |       |       |     9 ||     9
Invok: Berserk           |     2 |     1 |     2 ||     5
       Brothers in Arms  |       |       |     1 ||     1
  Use: Scroll            |       |     6 |     4 ||    10
       Potion            |       |     5 |     2 ||     7
 Stab: Sleeping          |     1 |       |       ||     1
       Distracted        |       |       |     1 ||     1
Armor: Animal skin       |    11 |       |       ||    11
       Ring mail         |     3 |    36 |    30 ||    69
Dodge: Dodged            |    39 |    44 |    31 ||   114

Table legend: (Time is in decaauts)
 A = Elapsed time spent in this place.
 B = Non-inter-level travel time spent in this place.
 C = Inter-level travel time spent in this place.
 D = Time resting spent in this place.
 E = Time spent auto-exploring this place.
 F = Levels seen in this place.
 G = Mean time per level.
                   A        B        C        D        E       F      G
               +--------+--------+--------+--------+--------+-----+--------+
         Total |   6282 |   5731 |    551 |   1572 |   3235 |   7 |  897.4 |
       Dungeon |   5534 |   4983 |    551 |   1252 |   2938 |   6 |  922.3 |
         Sewer |    748 |    748 |      0 |    319 |    297 |   1 |  748.0 |
               +--------+--------+--------+--------+--------+-----+--------+

Top non-repeatable levels by time:
     D:1: 1770 daAuts
     D:5: 1035 daAuts
     D:3: 907 daAuts
     D:4: 880 daAuts
   Sewer: 748 daAuts
     D:2: 584 daAuts
     D:6: 357 daAuts
